 Dungeon Crawl Stone Soup version 0.17-a0-2073-gde5cdba (webtiles) character file.

5567 Ohli the Tortoise (level 10, -4/85 HPs)
             Began as a Deep Dwarf Fighter on Oct 14, 2015.
             Slain by an eight-headed hydra (5 damage)
             ... on level 9 of the Dungeon.
             The game lasted 03:07:24 (10757 turns).

Ohli the Tortoise (Deep Dwarf Fighter)             Turns: 10757, Time: 03:07:25

Health: -4/85      AC: 11    Str: 20    XL:     10   Next: 44%
Magic:  2/2        EV: 11    Int: 10    God:
Gold:   439        SH:  0    Dex: 22    Spells: 1 memorised, 8 levels left

rFire  + . .     SeeInvis +     a - +3 trident (drain)
rCold  + . .     Clarity  .     L - +1 ring mail of Soas Wawuy {-Tele rElec rF+ Dex+3} (curse)
rNeg   . . .     SustAt   .     (no shield)
rPois  .         Gourm    .     A - +0 helmet
rElec  +         Spirit   .     (no cloak)
rCorr  .         Warding  .     (no gloves)
rMut   .         NoTele   +     (no boots)
MR     +....                    (no amulet)
Stlth  ++........               E - ring of see invisible
                                i - ring of protection from cold

@: agile, non-regenerating, somewhat resistant to hostile enchantments,
unstealthy
A: damage resistance, recharge devices, sense surroundings 2, slow regeneration
3
a: Device Recharging


You were on level 9 of the Dungeon.
You were not hungry.

You visited 1 branch of the dungeon, and saw 10 of its levels.
You also visited: Ossuary.

You collected 439 gold pieces.

Inventory:

Hand Weapons
 a - a +3 trident of draining (weapon)
 C - a +0 hunting sling
 M - a +2 short sword of holy wrath
Missiles
 m - 282 stones
 p - a javelin (quivered)
 x - 48 bolts
 S - 7 tomahawks
 X - 4 large rocks
Armour
 c - a +0 shield
 A - a +0 helmet (worn)
 L - the cursed +1 ring mail of Soas Wawuy (worn) {-Tele rElec rF+ Dex+3}
   (You found it on level 7 of the Dungeon)

   It affects your dexterity (+3).
   It protects you from fire.
   It insulates you from electricity.
   It prevents most forms of teleportation.
   It has a curse placed upon it.
Jewellery
 i - a ring of protection from cold (left hand)
 k - an uncursed ring of wizardry
 z - an uncursed ring of ice
 E - a ring of see invisible (right hand)
 W - an uncursed ring of protection from cold
Wands
 e - a wand of heal wounds (3)
 l - a wand of digging (7)
 H - a wand of confusion (0)
 U - a wand of polymorph (11)
Scrolls
 g - 10 scrolls of remove curse
 h - 3 scrolls of teleportation
 o - 2 scrolls of fear
 q - a scroll of immolation
 r - 2 scrolls of fog
 s - 5 scrolls of amnesia
 t - 4 scrolls of enchant weapon
 v - a scroll of enchant armour
 w - 6 scrolls of identify
 G - a scroll of recharging
 N - a scroll of magic mapping
Potions
 j - 2 potions of cure mutation
 n - a potion of poison
 J - a potion of agility
 O - 2 potions of flight
 P - 2 potions of lignification
 R - a potion of brilliance {unknown}
Books
 B - a book of Beasts

   Spells                             Type                      Level
   a - Summon Butterflies             Summoning                    1
   b - Call Canine Familiar           Summoning                    3
   c - Summon Ice Beast               Ice/Summoning                4
   d - Summon Mana Viper              Hexes/Summoning              5
   e - Summon Hydra                   Summoning                    7
 T - a book of the Earth

   Spells                             Type                      Level
   a - Leda's Liquefaction            Hexes/Earth                  4
   b - Bolt of Magma                  Conjuration/Fire/Earth       5
   c - Statue Form                    Transmutation/Earth          6
   d - Iron Shot                      Conjuration/Earth            6
   e - Shatter                        Earth                        9
Comestibles
 f - 7 bread rations
 u - 9 fruits
 D - 2 royal jellies
 K - 3 slices of pizza
 Q - 7 beef jerkies
 V - a meat ration


   Skills:
 - Level 3.6 Fighting
 - Level 2.0 Short Blades
 - Level 0.2(0.5) Slings
 - Level 0.5 Throwing
 + Level 15.7 Armour
 - Level 0.4 Dodging
 - Level 0.3 Stealth
 - Level 4.1 Shields


You had 8 spell levels left.
You knew the following spells:

 Your Spells              Type           Power        Failure   Level  Hunger
a - Summon Butterflies    Summ           #.......     56%         1    ##.....


Dungeon Overview and Level Annotations

Branches:
Dungeon (10/15)              Lair (0/8) D:9             Orc (0/4) D:10
 Temple: D:4-7

Altars:
Ashenzari
Cheibriados
Elyvilon
Fedhas
Kikubaaqudgha
Okawaru
Xom
The Shining One

Annotations:
D:3 Sigmund
D:6 Duffy's ghost, novice NaMo; Prince Ribbit
D:10 Sonja


Innate Abilities, Weirdness & Mutations

You are resistant to damage.
You can recharge devices by infusing magical energy.
You passively map the area around you.
You do not regenerate naturally.


Message History

* * * LOW HITPOINT WARNING * * *
The eight-headed hydra bites you but does no damage.
The eight-headed hydra closely misses you.
The eight-headed hydra bites you.
* * * LOW HITPOINT WARNING * * *
The eight-headed hydra bites you.
* * * LOW HITPOINT WARNING * * *
There is a stone staircase leading up, spattered with blood here.
The eight-headed hydra bites you!
* * * LOW HITPOINT WARNING * * *
The eight-headed hydra bites you!
* * * LOW HITPOINT WARNING * * *
The eight-headed hydra bites you. x2
* * * LOW HITPOINT WARNING * * *
The eight-headed hydra bites you.
* * * LOW HITPOINT WARNING * * *
The eight-headed hydra misses you. The eight-headed hydra bites you.
* * * LOW HITPOINT WARNING * * *
The eight-headed hydra bites you!
You die...

######### #.......# #####
#.......# ##...## #.......#
##.....###.......#
#.......##...<..>#
#.......#........#
#..%@...#........# #
##..D..##.####.######
##...(.##.# #.# #..
#.....(.#.# #.# ##.#
#......(#.# #.###..#
#......(#.# #.##..^# ######
##......(.####..#.#.#
#....#####...##..%".##.#.#..
#.#>...........(...........


You could see an eight-headed hydra.

Vanquished Creatures
  A fire drake (D:9)
  5 yaks (D:9)
  A steam dragon (D:9)
  2 hippogriffs
  Menkaure (Ossuary)
  A mottled dragon (D:8)
  A sky beast (D:9)
  Duvessa (D:4)
  The ghost of Rayvis the Covert, an amateur SpAs (D:4)
  An ice beast (D:5)
  A phantom (D:9)
  A necrophage (D:8)
  6 ogres
  5 centaurs
  5 giant frogs
  A gnoll sergeant (D:5)
  Dowan (D:4)
  2 scorpions
  5 wights
  7 killer bees
  6 crimson imps
  7 hounds
  A centaur zombie (D:6)
  A wasp zombie (D:8)
  An orc priest (D:8)
  Ijyb (D:2)
  2 giant frog skeletons
  2 jellies
  3 worker ants
  2 iguanas
  2 quasits
  3 killer bee zombies
  9 orc wizards
  2 hound skeletons
  3 mummies (Ossuary)
  Robin (D:2)
  9 adders
  A worker ant zombie (D:9)
  4 gnolls (D:5)
  A shadow imp (D:9)
  2 oozes
  A worm zombie (D:6)
  An adder skeleton (D:9)
  2 worms (D:2)
  3 giant geckos
  17 orcs
  2 ball pythons
  5 bats
  4 giant cockroaches
  15 goblins
  14 hobgoblins
  16 jackals
  4 kobolds
  8 quokkas
  8 giant newts
  3 gnoll skeletons (Ossuary)
  7 gnoll zombies (Ossuary)
  A goblin skeleton (Ossuary)
  2 goblin zombies (Ossuary)
  2 hobgoblin skeletons (Ossuary)
  2 hobgoblin zombies (Ossuary)
  A kobold skeleton (Ossuary)
  4 kobold zombies
  2 orc skeletons (Ossuary)
  A quokka zombie (D:6)
  4 rats
241 creatures vanquished.

Vanquished Creatures (others)
  3 gnoll skeletons (Ossuary)
  A gnoll zombie (Ossuary)
  3 goblin skeletons (Ossuary)
  2 goblin zombies (Ossuary)
  A hobgoblin skeleton (Ossuary)
  4 hobgoblin zombies (Ossuary)
  4 kobold skeletons (Ossuary)
  A kobold zombie (Ossuary)
  An orc skeleton (Ossuary)
  4 rat skeletons (Ossuary)
  3 rat zombies (Ossuary)
27 creatures vanquished.

Grand Total: 268 creatures vanquished

Notes
Turn   | Place    | Note
--------------------------------------------------------------
     0 | D:1      | Ohli the Deep Dwarf Fighter began the quest for the Orb.
     0 | D:1      | Reached XP level 1. HP: 20/20 MP: 1/1
   686 | D:1      | Reached XP level 2. HP: 24/28 MP: 2/2
  1417 | D:2      | Reached XP level 3. HP: 26/34 MP: 3/3
  1706 | D:2      | Noticed Robin
  1761 | D:2      | Killed Robin
  1761 | D:2      | Reached skill level 4 in Shields
  1933 | D:2      | Reached XP level 4. HP: 18/42 MP: 4/4
  1963 | D:2      | Noticed Ijyb
  2030 | D:2      | Killed Ijyb
  2871 | D:3      | Reached XP level 5. HP: 48/50 MP: 5/5
  3181 | D:3      | Found a snail-covered altar of Cheibriados.
  3507 | D:3      | Found a blossoming altar of Fedhas.
  3569 | D:3      | Found an ancient bone altar of Kikubaaqudgha.
  3571 | D:3      | Found a blossoming altar of Fedhas.
  3711 | D:3      | Noticed Sigmund
  4316 | D:4      | Noticed Rayvis's ghost (amateur SpAs)
  4317 | D:4      | Noticed Dowan
  4318 | D:4      | Noticed Duvessa
  4484 | D:4      | Noticed an ogre
  4486 | D:4      | Noticed an ogre
  4546 | D:4      | Killed Rayvis's ghost
  4546 | D:4      | Reached skill level 5 in Armour
  4546 | D:4      | Reached XP level 6. HP: 35/57 MP: 6/6
  4550 | D:4      | Killed an ogre
  4550 | D:4      | Reached skill level 6 in Armour
  4567 | D:4      | Killed an ogre
  4567 | D:4      | Reached skill level 7 in Armour
  4634 | D:4      | Killed Duvessa
  4634 | D:4      | Reached XP level 7. HP: 55/63 MP: 7/7
  4663 | D:4      | Killed Dowan
  4751 | D:4      | Reached skill level 8 in Armour
  4991 | D:5      | Entered Level 5 of the Dungeon
  5435 | D:5      | Reached skill level 9 in Armour
  5535 | D:5      | Found a shimmering altar of Xom.
  5537 | D:5      | Found a white marble altar of Elyvilon.
  5576 | D:5      | Found a glowing golden altar of the Shining One.
  5576 | D:5      | Found an iron altar of Okawaru.
  5648 | D:5      | Reached XP level 8. HP: 29/72 MP: 8/8
  5790 | D:5      | Reached skill level 10 in Armour
  5790 | D:5      | HP: 3/72 [gnoll/halberd (9)]
  6284 | D:6      | Found a sand-covered staircase.
  6289 | Ossuary  | Entered an ossuary
  6423 | Ossuary  | Learned a level 1 spell: Summon Butterflies
  6657 | Ossuary  | Noticed Menkaure
  6673 | Ossuary  | Killed Menkaure
  6845 | D:6      | Reached skill level 11 in Armour
  6875 | D:6      | Noticed Duffy's ghost (novice NaMo)
  7206 | D:6      | Found a shattered altar of Ashenzari.
  7293 | D:6      | Reached skill level 12 in Armour
  7407 | D:6      | Noticed Prince Ribbit
  7778 | D:7      | Gained mutation: You passively map the area around you. [Deep Dwarf growth]
  7778 | D:7      | Reached XP level 9. HP: 31/78 MP: 5/5
  7864 | D:7      | Got a polished ring mail
  7876 | D:7      | Identified the cursed +1 ring mail of Soas Wawuy {-Tele rElec rF+ Dex+3} (You found it on level 7 of the Dungeon)
  8919 | D:8      | Reached skill level 13 in Armour
  8989 | D:7      | Upgraded the game from 0.17-a0-2069-g0f4ee5b to 0.17-a0-2073-gde5cdba
  9395 | D:8      | Reached skill level 14 in Armour
  9642 | D:9      | Reached XP level 10. HP: 22/85 MP: 4/4
  9707 | D:9      | Noticed an eight-headed hydra
  9778 | D:9      | Reached skill level 15 in Armour
 10148 | D:9      | Noticed a fire drake
 10149 | D:9      | Found a staircase to the Lair.
 10165 | D:9      | Killed a fire drake
 10278 | D:10     | Entered Level 10 of the Dungeon
 10294 | D:10     | Noticed Sonja
 10506 | D:9      | HP: 4/85 [eight-headed hydra (13)]
 10757 | D:9      | HP: 4/85 [eight-headed hydra (4)]
 10757 | D:9      | HP: 1/85 [eight-headed hydra (3)]
 10757 | D:9      | Slain by an eight-headed hydra

Vault maps used:
D:1:      minmay_arrival_four_houses
D:2:      uniq_robin, uniq_iyjb
D:3:      grunt_temple_overflow_growth_and_decay, cheibriados_altar_1,
          serial_forest, infiniplex_forest_end_3, infiniplex_forest_clump_tiny,
          infiniplex_forest_clump_cross, infiniplex_forest_straight_4,
          infiniplex_forest_straight_1, fedhas_altar_fruit_tree, uniq_sigmund
D:4:      uniq_duvessa
D:5:      grunt_temple_overflow_open, first_bread
D:6:      temple_hall, enter_ossuary_3, nicolae_ashenzari_panopticon,
          uniq_prince_ribbit1
D:7:      grunt_ogre_cave, minmay_misc_feat_secret_circle
D:8:      nrook_mini_vaults
D:9:      minmay_lair_entry_lava, serial_glass, glass_columns_a,
          glass_columns_b, glass_columns_a, glass_columns_b, glass_columns_c,
          glass_columns_a
D:10:     orc_david_3, uniq_sonja
Ossuary:  ossuary_due_pyramid

Action                   |  1- 3 |  4- 6 |  7- 9 | 10-12 || total
-------------------------+-------+-------+-------+-------++-------
Melee: Rapier            |   146 |   301 |   203 |       ||   650
       Trident           |       |       |   437 |   208 ||   645
       Short sword       |       |       |    83 |       ||    83
 Fire: Hunting sling     |     2 |       |       |       ||     2
Throw: Stone             |    26 |    42 |    99 |       ||   167
       Javelin           |       |     1 |     1 |     5 ||     7
       Throwing net      |       |       |     1 |     1 ||     2
       Tomahawk          |       |       |    14 |    22 ||    36
 Cast: Summon Butterflie |       |       |     2 |       ||     2
 Abil: Device Recharging |       |       |     6 |     2 ||     8
Evoke: Wand              |       |     4 |    21 |    17 ||    42
  Use: Scroll            |     2 |     8 |     6 |     5 ||    21
       Potion            |       |     3 |    11 |     2 ||    16
  Eat: Chunk             |     3 |     6 |     6 |     4 ||    19
       Meat ration       |       |     1 |     1 |       ||     2
       Beef jerky        |       |     1 |       |       ||     1
       Fruit             |       |       |     4 |       ||     4
